Map: Neon Violet Square LE

Players

MaSa

  • Race: Terran Terran
  • Spawn Location: 11:00

Serral - Winner!

  • Race: Zerg Zerg
  • Spawn Location: 5:00

Event: WCS Leipzig 2018

VOD

Have the link to the VOD?

Description

Time

  • Played on: Jan. 27, 2018, 7:43 a.m.
  • Length: 18:53

All games in this series

Show
View Real Time Build Order
Export as new Build Order

MaSa Terran 

Build Orders: Gas First Reaper Expand, Reaper Expand, Bio Tank 

Get SALT Encoding   

  12  0:00  SCV  
  13  0:12  SCV  
  14  0:17  Supply Depot  
  14  0:24  SCV  
  15  0:29  Refinery  
  15  0:39  SCV  
  16  0:45  Barracks  
  16  0:51  SCV  
  17  1:03  SCV  
  18  1:15  SCV  
  19  1:32  Orbital Command, Reaper  
  20  1:43  Command Center  
  20  1:54  Factory  
  20  1:57  SCV  
  21  2:03  Refinery  
  21  2:06  Barracks Reactor  
  21  2:10  SCV  
  22  2:16  Supply Depot  
  22  2:22  SCV  
  23  2:37  SCV  
  23  2:39  Bunker, Factory Tech Lab  
  23  2:43  Marine x2  
  26  2:51  Command Center  
  26  3:01  Siege Tank  
  29  3:16  Starport  
  29  3:22  Supply Depot  
  29  3:24  SCV  
  29  3:29  Marine  
  29  3:40  Supply Depot  
  29  3:53  Marine  
  30  4:03  Medivac, Siege Tank  
  35  4:12  SCV  
  35  4:16  Marine x2  
  38  4:19  Liberator  
  38  4:37  SCV  
  42  4:41  Siege Tank  
  45  4:52  Orbital Command  
  45  5:01  Supply Depot  
  45  5:05  SCV  
  46  5:12  Barracks  
  46  5:18  Barracks Tech Lab  
  46  5:22  SCV  
  46  5:23  Viking  
  49  5:29  Siege Tank  
  49  5:31  SCV  
  53  5:36  SCV  
  54  5:50  Supply Depot  
  54  5:57  Barracks Tech Lab  
  54  6:12  SCV x2, Siege Tank  
  59  6:24  SCV x2  
  61  6:35  Supply Depot x2  
  61  6:36  SCV  
  62  6:50  Supply Depot  
  62  6:51  Stimpack  
  62  6:52  Marine, Raven  
  62  6:53  SCV x2  
  66  6:54  Supply Depot  
  63  7:05  SCV  
  64  7:09  Command Center  
  64  7:10  SCV  
  64  7:16  Marine x2  
  64  7:17  SCV  
  64  7:18  Marine  
  68  7:23  SCV  
  69  7:30  Siege Tank  
  69  7:35  SCV  
  73  7:38  Marine x2  
  73  7:42  SCV  
  76  7:45  Liberator  
  76  7:47  SCV  
  76  7:50  Marine  
  75  7:54  SCV  
  75  7:56  Marine x2  
  81  8:11  Marine  
  81  8:12  SCV  
  83  8:16  Marine x2  
  85  8:24  SCV  
  86  8:29  Marine  
  87  8:37  SCV  
  87  8:39  Marine x2  
  90  8:49  SCV  
  90  8:54  Marine  
  89  8:55  Combat Shields  
  89  8:56  Starport Reactor  
  89  8:57  Marine  
  89  8:59  Engineering Bay  
  89  9:01  SCV  
  91  9:03  Engineering Bay, Siege Tank  
  94  9:13  SCV  
  94  9:16  Marine  
  92  9:19  Marine x2  
  92  9:24  Orbital Command  
  94  9:25  SCV  
  95  9:34  Medivac  
  95  9:35  Medivac  
  95  9:37  SCV  
  96  9:39  Orbital Command  
  96  9:43  Marine x2  
  98  9:49  SCV  
  97  9:53  SCV  
  97  9:59  Terran Infantry Weapons Level 1  
  96  10:04  Medivac  
  96  10:06  SCV  
  97  10:14  Marine x2  
  97  10:19  Barracks  
  99  10:22  Barracks  
  99  10:24  SCV x2  
  99  10:25  Marine  
  102  10:33  Marine, Barracks  
  102  10:34  Unknown, Marine, Barracks  
  104  10:38  Siege Tank  
  104  10:39  SCV  
  104  10:41  SCV  
  104  10:42  SCV  
  110  10:43  Marine  
  110  10:45  Refinery  
  110  10:46  Refinery  
  111  10:50  Terran Infantry Armor Level 1  
  111  10:51  Marine x2  
  113  10:57  SCV  
  113  11:01  Marine  
  113  11:03  SCV  
  113  11:04  SCV  
  117  11:09  Refinery x2  
  117  11:10  Factory, Barracks Reactor  
  117  11:11  Supply Depot x2  
  117  11:14  Barracks Reactor  
  117  11:25  Barracks Tech Lab  
  117  11:26  Barracks Reactor  
  117  11:29  Supply Depot  
  117  11:30  Supply Depot  
  117  11:31  Command Center  
  117  11:32  SCV x2, Marine x3  
  122  11:34  Siege Tank  
  122  11:37  SCV  
  126  11:41  Missile Turret  
  126  11:46  Armory, Marine x3  
  129  11:49  Marine  
  129  11:50  Marine x3  
  129  11:51  Marine  
  129  11:53  Siege Tank  
  136  12:03  Marine  
  136  12:04  Marine x3  
  136  12:05  Marine  
  136  12:06  Siege Tank  
  136  12:07  Marine x2  
  146  12:08  Supply Depot  
  146  12:09  Supply Depot, Marauder  
  146  12:12  Supply Depot  
  148  12:25  Marine  
  148  12:29  Marine x4  
  149  12:30  Medivac x2  
  149  12:32  Unknown, Siege Tank  
  160  12:43  Refinery, Marine x5  
  160  12:44  Refinery, Marauder  
  167  12:51  Orbital Command  
  167  12:54  SCV  
  167  12:57  Terran Infantry Weapons Level 2  
  168  13:00  Medivac x2  
  168  13:01  Marauder, Terran Infantry Armor Level 2  
  174  13:08  Siege Tank, Marine x2  
  179  13:15  Siege Tank  
  179  13:16  Marauder  
  182  13:29  Marine x3, Marauder  
  186  13:34  Marine x2  
  188  13:41  Marine  
  188  13:42  Siege Tank, Marauder  
  188  13:44  Marine  
  188  13:45  Marine  
  188  13:46  Marine  
  188  13:47  Marine, Siege Tank  
  151  13:50  Marauder  
  151  13:51  Marine  
  151  13:52  Marine  
  152  13:57  Marine  
  152  14:01  Marine  
  152  14:02  Marine x2  
  154  14:07  Marine  
  154  14:08  Marine, Marauder  
  154  14:09  Marine  
  158  14:10  Marine  
  158  14:14  Siege Tank  
  158  14:18  Concussive Shells  
  158  14:19  Siege Tank  
  158  14:23  Command Center  
  160  14:26  Starport, Marauder  
  156  14:37  Liberator  
  156  14:38  Liberator  
  153  14:46  Siege Tank  
  153  14:48  Marine x8, Marauder  
  153  14:51  Siege Tank  
  169  14:54  Starport  
  175  15:01  Terran Vehicle Weapons Level 1  
  175  15:07  Marine x3, Marauder  
  169  15:18  Siege Tank  
  169  15:19  Marine x5, Marauder  
  169  15:20  Liberator x2  
  161  15:25  Marine x2  
  161  15:27  Starport Tech Lab  
  154  15:30  Fusion Core  
  154  15:31  Terran Infantry Weapons Level 3, Terran Infantry Armor Level 3, Marine  
  154  15:32  Marauder  
  154  15:33  Starport Tech Lab  
  157  15:37  Planetary Fortress, Marine x5  
  157  15:40  Marine  
  157  15:41  SCV x2  
  171  15:43  Marine  
  171  15:46  Marine  
  171  15:49  Marine  
  174  15:51  Liberator x2  
  174  15:53  Marauder  
  174  15:54  Marine  
  174  15:55  Marine x2  
  174  15:57  Refinery  
  178  15:58  Refinery, Marine  
  178  15:59  Marine, Marauder  
  178  16:00  Marine  
  178  16:03  Liberator, Marine  
  179  16:07  Marine  
  182  16:12  Marine x2  
  182  16:13  Marine  
  182  16:14  Orbital Command, Marauder  
  182  16:16  Marine  
  182  16:17  Marine  
  176  16:18  Marine  
  176  16:20  Marauder  
  176  16:21  Marine  
  176  16:25  Liberator, Marine  
  176  16:30  Marine x3  
  179  16:34  Liberator, Marine x2  
  179  16:35  Marine  
  179  16:36  Marine  
  179  16:39  Marine  
  184  16:40  SCV  
  184  16:41  Marine  
  184  16:42  Marine  
  184  16:43  SCV x3  
  184  16:44  SCV  
  194  16:48  Marine  
  194  16:52  SCV  
  199  16:55  Terran Ship Weapons Level 1  
  199  17:00  Liberator  
  199  17:01  Liberator  
  199  17:05  Marine  
  190  17:18  Marine  
  190  17:19  Marine, Marauder  
  194  17:26  Liberator  
  194  17:27  Marine x6, Marauder  
  181  17:36  Marine  
  181  17:37  Marine  
  166  17:40  Marauder  
  141  17:45  Marine x6  
  141  17:49  Marauder  
  137  17:54  Marine  
  137  17:55  Marine  
  118  18:00  SCV x2  
  118  18:02  Marauder, Marine  
  118  18:04  Marine  
  112  18:06  SCV  
  112  18:10  Marauder  
  116  18:14  SCV  
  116  18:18  SCV  
  116  18:19  Marine x4  
  115  18:23  Marauder  
  115  18:26  SCV, Marine  
  115  18:27  Marine  
  114  18:31  Marauder  
Show
View Real Time Build Order
Export as new Build Order

Serral Zerg - Winner!

Build Orders: Hatch First, Ravager All-In 

Get SALT Encoding   

  12  0:00  Drone  
  13  0:13  Overlord  
  13  0:19  Drone  
  14  0:32  Drone x2  
  16  0:36  Drone  
  17  0:55  Hatchery  
  16  0:58  Drone  
  17  1:12  Spawning Pool  
  17  1:16  Extractor  
  17  1:17  Drone  
  16  1:21  Drone  
  16  1:25  Drone  
  18  1:29  Drone  
  19  1:40  Drone  
  20  1:48  Extractor  
  20  1:51  Drone  
  20  1:59  Roach Warren  
  19  2:07  Queen  
  19  2:08  Zergling x2  
  22  2:11  Queen  
  24  2:17  Drone  
  25  2:23  Overlord  
  25  2:39  Roach  
  25  2:42  Roach x2  
  31  2:49  Overlord  
  31  2:59  Roach  
  31  3:00  Ravager  
  31  3:02  Ravager  
  34  3:07  Ravager  
  34  3:09  Queen  
  37  3:18  Drone  
  38  3:20  Ravager  
  38  3:26  Roach  
  41  3:29  Overlord  
  41  3:38  Drone x2  
  43  3:45  Overlord  
  43  3:49  Roach  
  43  3:50  Ravager  
  46  4:04  Queen  
  48  4:17  Hatchery  
  48  4:24  Ravager  
  48  4:27  Roach  
  50  4:34  Lair  
  50  4:46  Roach  
  50  4:48  Drone, Overlord  
  50  4:52  Roach  
  55  4:56  Spore Crawler  
  54  5:02  Roach  
  54  5:06  Roach  
  58  5:11  Drone  
  58  5:13  Drone  
  57  5:18  Drone  
  58  5:26  Drone  
  59  5:34  Queen  
  61  5:39  Drone  
  61  5:41  Drone  
  62  5:47  Drone  
  62  5:51  Drone  
  62  5:58  Drone  
  63  6:07  Overlord  
  63  6:15  Drone x3  
  66  6:24  Queen  
  68  6:36  Drone x2  
  66  6:40  Drone  
  66  6:41  Drone  
  66  6:44  Ravager  
  66  6:45  Drone x2  
  69  6:51  Drone x2  
  69  6:52  Drone  
  71  6:55  Drone  
  71  7:03  Queen  
  73  7:18  Drone  
  73  7:20  Glial Reconstitution  
  73  7:21  Overlord  
  73  7:22  Overlord  
  74  7:24  Evolution Chamber  
  74  7:26  Overlord  
  74  7:27  Drone  
  74  7:33  Overlord x2  
  74  7:46  Roach x3  
  80  7:52  Overlord  
  80  7:57  Drone  
  81  8:00  Queen x2  
  81  8:05  Drone  
  86  8:11  Zerg Ground Armor Level 1, Drone  
  87  8:13  Overlord  
  87  8:25  Hatchery  
  86  8:28  Drone x2  
  86  8:32  Drone x2  
  90  8:35  Extractor x2  
  88  8:42  Roach x2  
  88  8:47  Roach x2  
  96  8:52  Roach x2  
  96  8:54  Overseer  
  100  9:01  Drone x2  
  102  9:06  Drone  
  100  9:19  Drone x3  
  100  9:23  Ravager x3  
  106  9:26  Overlord  
  106  9:29  Overlord  
  105  9:39  Drone x4, Overlord  
  109  9:46  Overlord  
  109  9:49  Drone x2  
  111  10:02  Overlord  
  111  10:11  Zerg Ground Armor Level 2, Evolution Chamber  
  110  10:19  Drone x5  
  115  10:28  Drone x5  
  120  10:37  Zerg Melee Weapons Level 1  
  120  10:41  Extractor  
  120  10:42  Infestation Pit  
  118  10:44  Baneling Nest  
  118  10:45  Zergling x10  
  122  11:02  Hatchery  
  121  11:05  Metabolic Boost  
  121  11:06  Zergling x16  
  129  11:13  Overlord  
  129  11:17  Overlord  
  129  11:20  Hive  
  129  11:24  Overlord  
  129  11:28  Centrifical Hooks  
  129  11:30  Roach x3  
  129  11:32  Overlord  
  134  11:38  Drone x4  
  134  11:39  Drone  
  133  11:40  Overseer  
  133  11:43  Drone x2  
  133  11:47  Drone x2  
  137  11:49  Pneumatized Carapace  
  137  11:55  Drone x2  
  137  11:56  Drone x2  
  141  12:04  Zergling x2  
  141  12:05  Zergling x14  
  149  12:14  Hatchery  
  148  12:22  Drone x4  
  152  12:28  Baneling x8  
  152  12:29  Zergling x8  
  159  12:30  Zergling x6  
  159  12:37  Zerg Melee Weapons Level 2  
  159  12:40  Ultralisk Cavern  
  159  12:42  Zerg Ground Armor Level 3  
  158  12:51  Zergling x18  
  165  12:57  Baneling x2  
  167  13:02  Overlord  
  167  13:04  Zergling x4  
  168  13:05  Overlord x2  
  168  13:06  Overlord  
  168  13:09  Baneling x8  
  166  13:13  Zergling x2  
  166  13:14  Zergling x2  
  166  13:17  Overlord  
  162  13:20  Zergling x16  
  162  13:21  Zergling x6  
  162  13:23  Baneling x5  
  162  13:24  Baneling  
  167  13:28  Chitinous Plating  
  167  13:33  Ultralisk  
  170  13:38  Baneling x11  
  170  13:39  Baneling  
  141  13:49  Zergling x22  
  141  13:52  Queen  
  141  13:53  Drone  
  141  13:54  Drone  
  150  14:01  Ultralisk, Ravager  
  158  14:02  Ravager  
  158  14:08  Ultralisk  
  162  14:14  Zergling x12  
  165  14:20  Zergling x12  
  171  14:26  Baneling x10  
  169  14:38  Baneling x14  
  167  14:40  Zergling x12  
  170  15:01  Hatchery  
  170  15:05  Zergling x38  
  164  15:20  Ultralisk x2  
  166  15:24  Zergling x16  
  174  15:33  Drone x4  
  178  15:39  Viper x2  
  184  15:46  Baneling x5  
  184  15:47  Zergling x14  
  184  15:49  Queen  
  191  15:52  Extractor  
  189  15:57  Drone x2  
  189  16:00  Hatchery  
  189  16:03  Zergling x2  
  191  16:14  Spire  
  191  16:16  Zerg Melee Weapons Level 3, Zergling x28  
  183  16:30  Overlord  
  183  16:31  Drone x2  
  183  16:32  Drone  
  184  16:40  Queen x5  
  194  16:50  Hatchery  
  193  17:04  Zergling x14  
  199  17:15  Overseer  
  195  17:16  Spire  
  195  17:22  Zergling x18  
  200  17:28  Zergling x18  
  193  17:42  Zergling x12  
  176  17:54  Ultralisk x3, Zergling x2  
  176  17:55  Zergling x2  
  180  18:06  Hatchery  
  180  18:07  Drone x2  
  180  18:08  Ultralisk x2  
  180  18:09  Ultralisk  
  194  18:22  Zergling x10  
  199  18:29  Extractor  
  198  18:51  Spore Crawler  
Tags
 
Add a new tag
Caveats
  • Supply blocks, unpowered buildings, or Contaminate may cause inaccurate times.
  • Supply counts are checked every 10 seconds.